 Dungeon Crawl Stone Soup version 0.31.0 (webtiles) character file.

Game seed: 16181286027850278144

287 qw the Shooter (level 6, 0/38 HPs)
             Began as a Gargoyle Hunter on Jan 19, 2024.
             Killed from afar by a white imp (5 damage)
             ... with a puff of frost
             ... summoned by Eustachio
             ... on level 4 of the Dungeon.
             The game lasted 00:00:15 (3283 turns).

qw the Shooter (Gargoyle Hunter)                    Turns: 3283, Time: 00:00:15

Health: 0/38       AC: 12    Str: 17      XL:     6   Next: 30%
Magic:  6/6        EV: 12    Int: 10      God:
Gold:   181        SH:  0    Dex: 25 (28) Spells: 5/5 levels left

rFire   . . .        a - +0 shortbow
rCold   + . .        (shield currently unavailable)
rNeg    + . .        e - +2 ring mail of the Little Devil {Str+3 Dex+3}
rPois   inf          b - -2 helmet of Summertime {Dex+4}
rElec   +            (no cloak)
rCorr   .            l - +1 pair of gloves {Stlth+}
SInv    .            (no boots)
Will    .....        g - amulet of faith
Stlth   +++          f - +6 ring of dexterity
HPRegen 0.26/turn    d - ring of protection from cold
MPRegen 0.10/turn

%: faith
@: no status effects
A: sickness immunity, AC +4, negative energy resistance 1, electricity
resistance, torment resistance 1, petrification resistance
a: no special abilities


You were on level 4 of the Dungeon.
You visited 1 branch of the dungeon, and saw 4 of its levels.

You collected 181 gold pieces.


Innate Abilities, Weirdness & Mutations

You are immune to sickness and miasma.
Your stone body is resilient. (AC +4)
You are immune to poison.
You resist negative energy. (rN+)
You are resistant to electric shocks. (rElec)
You are resistant to unholy torment.
You are immune to petrification.


   Skills:
 - Level 4.2 Fighting
 + Level 6.0 Ranged Weapons
 - Level 1.2 Armour
 - Level 2.1 Dodging
 - Level 1.1 Stealth


You had 5 spell levels left.
You didn't know any spells.
Your spell library was empty.

Inventory:

Hand Weapons
 a - a +0 shortbow (weapon)
Armour
 b - the -2 helmet of Summertime (worn) {Dex+4}
   (You found it on level 3 of the Dungeon)

   Dex+4:     It affects your dexterity (+4).
 e - the +2 ring mail of the Little Devil (worn) {Str+3 Dex+3}
   (You found it on level 2 of the Dungeon)

   Str+3:     It affects your strength (+3).
   Dex+3:     It affects your dexterity (+3).
 l - a +1 pair of gloves of stealth (worn)
Jewellery
 d - a ring of protection from cold (right hand)
 f - a +6 ring of dexterity (left hand)
 g - an amulet of faith (around neck)
Potions
 h - a potion of attraction {unknown}
 j - 2 potions of haste
 k - a potion of enlightenment {unknown}

Dungeon Overview and Level Annotations

Branches:
Dungeon (4/15)
 Temple: D:4-7

Altars:

Annotations:
D:4 Eustachio


Message History

Enter note:
Enter note:
3274 ||| RETREEEEATING.
Your surroundings suddenly seem different.
Found a scroll of identify and a glowing ring mail.
You shoot an arrow. The arrow barely misses Eustachio.
You shoot an arrow. The arrow hits Eustachio.
Eustachio is moderately wounded.
Eustachio gestures wildly while chanting.
Eustachio blinks!
You shoot an arrow. The arrow hits Eustachio!
Eustachio is severely wounded.
You shoot an arrow. The arrow hits Eustachio.
Eustachio is severely wounded.
You shoot an arrow. The arrow hits Eustachio.
Eustachio is severely wounded.
Eustachio closely misses you.
You shoot an arrow. The arrow barely misses Eustachio.
The arrow hits the rat!
You kill the rat!
The rat's corpse disappears in a puff of smoke!
Eustachio gestures wildly while chanting.
You shoot an arrow. The arrow closely misses Eustachio.
The quokka disappears in a puff of smoke!
Eustachio mumbles some strange words.
The quokka barely misses you. Eustachio hits you but does no damage.
You shoot an arrow.
The arrow hits Eustachio but does no damage.
Eustachio is severely wounded.
The quokka bites you but does no damage.
Eustachio hits you but does no damage. The white imp gestures at you.
The puff of frost hits you. You resist.
You shoot an arrow. The arrow hits Eustachio.
Eustachio is almost dead.
The quokka completely misses you.
The quokka bites you but does no damage.
Eustachio hits you but does no damage. The white imp gestures at you.
The puff of frost hits you. You resist.
You die...

..... ...........#
###..... ....[......#
##....... ...........#
###........
#..........###.........#
#..........#..........##
#.............rrb...#..
##....)r.......5.......
#....r@@...............
#..?....................
#.......5.......#.......
....##.........###......
..# ###......## #......
# #.......# #......
#....#..###......
#.....##..###.....
#..... ##b.##.....


You could see Eustachio, a white imp (summoned) and 2 quokkas.

Vanquished Creatures
  An ice beast (D:4)
  A bombardier beetle (D:3)
  Natasha (D:4)
  6 adders
  5 ribbon worms
  5 orcs (D:3)
  8 endoplasms
  4 giant cockroaches
  5 goblins
  6 hobgoblins
  2 jackals (D:4)
  3 quokkas
  8 ball pythons
  6 bats
  4 frilled lizards
  3 kobolds
  3 rats
71 creatures vanquished.

Notes
Turn   | Place    | Note
-------+----------+-------------------------------------------
     0 | D:1      | qw the Gargoyle Hunter began the quest for the Orb.
     0 | D:1      | Reached XP level 1. HP: 12/12 MP: 1/1
     0 | D:1      | 0 ||| qw: Version: 0.3-a-132-g3d54051
     0 | D:1      | 0 ||| qw: Game counter: 314
     0 | D:1      | 0 ||| qw: Melee chars always use a shield: true
     0 | D:1      | 0 ||| qw: God list: Okawaru
     0 | D:1      | 0 ||| qw: Allow faded altars: false
     0 | D:1      | 0 ||| qw: Do Orc after clearing Dungeon:15 true
     0 | D:1      | 0 ||| qw: Do second Lair branch before Depths: true
     0 | D:1      | 0 ||| qw: Lair rune preference: random
     0 | D:1      | 0 ||| qw: Goals: Normal
     0 | D:1      | 0 ||| PLANNING D:1-11
   104 | D:1      | Found a faded altar of an unknown god.
   138 | D:1      | Reached XP level 2. HP: 17/17 MP: 2/2
   656 | D:1      | 656 ||| UPGRADING to +0 ring mail.
   666 | D:1      | 666 ||| DROPPING +0 leather armour.
   667 | D:1      | 667 ||| UPGRADING to +6 ring of dexterity.
   668 | D:1      | 668 ||| READING scroll labelled XYMABO VAODGH.
   668 | D:1      | 668 ||| IDENTIFYING scroll labelled XUT KUGOGER
   669 | D:1      | 669 ||| DROPPING scroll of butterflies.
   670 | D:1      | 670 ||| DROPPING scroll of immolation.
   707 | D:2      | Reached skill level 1 in Armour
   707 | D:2      | Reached XP level 3. HP: 15/21 MP: 3/3
   707 | D:2      | 707 ||| FLEEEEING.
   714 | D:2      | 714 ||| STAIRDANCE
   918 | D:2      | Reached skill level 5 in Ranged Weapons
   965 | D:2      | Reached XP level 4. HP: 20/27 MP: 4/4
   970 | D:2      | Reached skill level 3 in Fighting
  1047 | D:2      | Identified the +2 ring mail of the Little Devil {Str+3
                  | Dex+3}
  1699 | D:2      | 1699 ||| UPGRADING to +2 ring mail of the Little Devil
                  | {Str+3 Dex+3}.
  1709 | D:2      | 1709 ||| DROPPING +0 ring mail.
  1710 | D:2      | 1710 ||| UPGRADING to +1 pair of gloves of stealth.
  1715 | D:2      | 1715 ||| READING scroll of identify.
  1715 | D:2      | 1715 ||| IDENTIFYING cyan potion
  1716 | D:2      | 1716 ||| READING scroll labelled OXKEFY FOMEJ.
  1717 | D:2      | 1717 ||| READING scroll labelled IRIODIROMEL.
  1718 | D:2      | 1718 ||| READING 3 scrolls labelled ZEFURAIDAY.
  1719 | D:2      | 1719 ||| FLEEEEING.
  1721 | D:2      | 1721 ||| DRINKING 2 sedimented sapphire potions.
  1722 | D:2      | 1722 ||| DROPPING potion of ambrosia.
  1863 | D:3      | Identified the -2 helmet of Summertime {Dex+4}
  1995 | D:3      | Reached XP level 5. HP: 32/32 MP: 5/5
  2714 | D:3      | Reached skill level 6 in Ranged Weapons
  2721 | D:3      | 2721 ||| UPGRADING to -2 helmet of Summertime {Dex+4}.
  2726 | D:3      | 2726 ||| UPGRADING to amulet of faith.
  2731 | D:3      | 2731 ||| READING scroll labelled SONLIG LUODO.
  2732 | D:3      | 2732 ||| READING scroll labelled VUACAF FAENENI.
  2786 | D:4      | 2786 ||| PLANNING SEWER
  2788 | D:4      | 2788 ||| STAIRDANCE
  2830 | D:4      | Noticed Natasha
  2840 | D:4      | Killed Natasha
  2841 | D:4      | 2841 ||| FLEEEEING.
  2846 | D:4      | 2846 ||| STAIRDANCE
  2938 | D:4      | Noticed an ice beast
  2952 | D:4      | HP: 6/32 [ice beast (6)]
  2953 | D:4      | 2953 ||| READING 3 scrolls of teleportation.
  2954 | D:4      | Killed an ice beast
  2955 | D:4      | Reached XP level 6. HP: 8/38 MP: 6/6
  2955 | D:4      | 2955 ||| FLEEEEING.
  2957 | D:4      | 2957 ||| STAIRDANCE
  3067 | D:3      | 3067 ||| UPGRADING to ring of protection from cold.
  3068 | D:3      | 3068 ||| READING scroll labelled HOKHI ICSIPSUPSER.
  3069 | D:3      | 3069 ||| FLEEEEING.
  3223 | D:4      | Noticed Eustachio
  3227 | D:4      | 3227 ||| RETREEEEATING.
  3228 | D:4      | 3228 ||| RETREEEEATING.
  3229 | D:4      | 3229 ||| RETREEEEATING.
  3230 | D:4      | 3230 ||| RETREEEEATING.
  3254 | D:4      | 3254 ||| RETREEEEATING.
  3255 | D:4      | 3255 ||| RETREEEEATING.
  3256 | D:4      | 3256 ||| RETREEEEATING.
  3257 | D:4      | 3257 ||| RETREEEEATING.
  3259 | D:4      | 3259 ||| RETREEEEATING.
  3262 | D:4      | 3262 ||| RETREEEEATING.
  3262 | D:4      | HP: 9/38 [bat[Eustachio] (1)]
  3263 | D:4      | 3263 ||| READING 2 scrolls of teleportation.
  3265 | D:4      | 3265 ||| RETREEEEATING.
  3266 | D:4      | 3266 ||| RETREEEEATING.
  3271 | D:4      | HP: 6/38 [quokka[Eustachio] (4)]
  3272 | D:4      | 3272 ||| READING scroll of teleportation.
  3273 | D:4      | 3273 ||| RETREEEEATING.
  3274 | D:4      | 3274 ||| RETREEEEATING.
  3282 | D:4      | HP: 5/38 [white imp/puff of frost[Eustachio] (2)]
  3283 | D:4      | Killed from afar by a white imp

Levels and vault maps discovered:
D:1:      lightli_arrival_flooded_house, layout_loops_ring,
          shapermc_ecumenical_altar_pompeii
D:2:      layout_basic, minmay_bisected
D:3:      layout_basic, roderic_lattice_a, nrook_loot_triangle,
          kennysheep_generic_room_4
D:4:      layout_cave_pods, lightli_sewer_entry_pipes, uniq_duvessa,
          uniq_natasha, uniq_eustachio

Skill      XL: |  1  2  3  4  5 |
---------------+----------------+-----
Armour         | 1 |  1.2
Ranged Weapons | 5 6 |  6.0
Fighting       | 3 4 |  4.2
Dodging        | 2 |  2.1
Stealth        | |  1.1

Action                     |  1- 3 |  4- 6 || total
---------------------------+-------+-------++-------
   Fire: Shortbow          |   106 |   204 ||   310
    Use: Scroll            |     1 |    10 ||    11
         Potion            |       |     1 ||     1
 Armour: Leather armour    |    17 |       ||    17
         Ring mail         |    19 |   131 ||   150
  Dodge: Dodged            |    35 |   133 ||   168

Table legend:
 A = Non-vault XP
 B = Vault XP
 C = Vault XP percentage of total XP
 D = Non-vault monster count
 E = Vault monster count
 F = Vault count percentage of total count
                 A         B        C        D         E       F
            +---------+---------+-------+---------+---------+-------
      Total |     339 |      71 |  17.3 |      63 |       8 |  11.3
            +---------+---------+-------+---------+---------+-------
        D:1 |      31 |       0 |   0.0 |      18 |       0 |   0.0
        D:2 |      63 |      34 |  35.1 |      18 |       6 |  25.0
        D:3 |      99 |       2 |   2.0 |      19 |       1 |   5.0
        D:4 |     146 |      35 |  19.3 |       8 |       1 |  11.1
            +---------+---------+-------+---------+---------+-------
